 Dungeon Crawl Stone Soup version 0.28-a0-312-gbced6e68ee (webtiles) character file.

Game seed: 8673052398626105594

39 PentaManta the Insei (level 3, -1/26 HPs)
             Began as a Merfolk Transmuter on Aug 31, 2021.
             Killed by divine providence
             ... invoked by an orc priest
              (14 damage)
             ... on level 1 of the Dungeon.
             The game lasted 00:02:33 (1576 turns).

PentaManta the Insei (Merfolk Transmuter)           Turns: 1576, Time: 00:02:34

Health: -1/26      AC:  2    Str: 10    XL:     3   Next: 45%
Magic:  5/6        EV: 12    Int: 13    God:
Gold:   32         SH:  0    Dex: 14    Spells: 2/6 levels left

rFire   . . .      SeeInvis .     - Unarmed
rCold   . . .      Faith    .   (no shield)
rNeg    . . .      Spirit   .   a - +0 robe
rPois   .          Reflect  .   (helmet currently unavailable)
rElec   .          Harm     .   (no cloak)
rCorr   .          Rampage  .   (no gloves)
Will    .....                   (boots currently unavailable)
Stlth   +.........              (no amulet)
HPRegen 0.08/turn               (no ring)
MPRegen 0.10/turn               (no ring)

@: appendages
A: horns 2, (nimble swimmer 2), mertail
a: End Transformation


You were on level 1 of the Dungeon.
You had temporarily grown beastly horns.
You visited 1 branch of the dungeon, and saw 2 of its levels.

You collected 32 gold pieces.

Inventory:

Armour
 a - a +0 robe (worn)
 d - a +0 ring mail
Scrolls
 c - 2 scrolls of identify {unknown}
Potions
 b - a potion of curing {unknown}


   Skills:
 - Level 1.1 Fighting
 - Level 2.6 Dodging
 - Level 4.0 Unarmed Combat
 - Level 2.0 Spellcasting
 + Level 3.9 Transmutations
 * Level 0.9 Poison Magic


You had 2 spell levels left.
You knew the following spells:

 Your Spells              Type           Power      Damage    Failure   Level
a - Beastly Appendage     Tmut           22%        N/A       4%          1
b - Spider Form           Tmut/Pois      3%         N/A       28%         3

Your spell library contained the following spells:

 Spells                   Type           Power      Damage    Failure   Level
 Wereblood                Tmut           11%        N/A       8%          2
 Magic Dart               Conj           4%         1d3       26%         1
 Call Imp                 Summ           1%         N/A       36%         2
 Mephitic Cloud           Conj/Pois/Air  2%         N/A       56%         3
 Ice Form                 Ice/Tmut       6%         N/A       75%         4


Dungeon Overview and Level Annotations

Branches:
Dungeon (2/15)

Altars:

Shops:
D:1 [


Innate Abilities, Weirdness & Mutations

You have temporarily grown beastly horns.
((You are quick and stealthy near water. (Stealth+, EV+, Speed+++)))
Your lower body shifts to a powerful aquatic tail in water.


Message History

Things that are here:
a +0 short sword; an orc corpse You see here a hobgoblin corpse.
The orc priest miscasts a cantrip.
You see here a frilled lizard corpse.
There is a stone staircase leading up here.
The orc hits you with a +0 hand axe.
You climb upwards.
There is a stone staircase leading down here.
You hit the orc.
The orc is heavily wounded.
The orc hits you with a +0 hand axe.
You hit the orc.
The orc is severely wounded.
The orc hits you with a +0 hand axe.
You hit the orc.
You kill the orc!
No target in view!
You start resting.
HP restored.
Casting: Beastly Appendage (safe; 4% risk of failure)
Confirm with . or Enter, or press ? or * to list all spells.
You grow a pair of large bovine horns.
You climb downwards.
There is a stone staircase leading up here.
You punch the orc!
You kill the orc!
The orc hits you with a +0 hand axe!
The orc priest looks braver for a moment.
You barely miss the orc. You headbutt the orc.
The orc is moderately wounded.
The orc hits you with a +0 hand axe. The orc hits you with a +0 hand axe.
The orc priest misses you.
You climb upwards.
There is a stone staircase leading down here.
You barely miss the orc priest. The orc hits you with a +0 hand axe.
The orc priest invokes the aid of Beogh against you.
Beogh smites you!
Ouch! That really hurt!
You die...

#.###############.#.#
#.#...............#.# #########
#†#.###############.# #........
#.#.#....# #......# #........
###.#.#.##.# #.###### #........
....#.#.##.#####.########........
#.#'#'#.......##........+........
.......###.##.##o########........
............#.#.@.......'........
........##.....o).[#.####........
♣.......##....#....#.# #........
.♣......####..######.# #........
♣.......####.......#.# #........
.............#####.#.# #........
.......####### #.#.# #########
.......# #.#.# .......#
###'#'####


You could see an orc priest and an orc.

Vanquished Creatures
  A dart slug (D:1)
  3 orcs
  3 endoplasms (D:1)
  A giant cockroach (D:1)
  A goblin (D:1)
  3 hobgoblins
  4 jackals (D:1)
  A quokka (D:1)
  2 ball pythons (D:1)
  4 bats (D:1)
  A frilled lizard (D:2)
  2 kobolds (D:1)
  5 rats (D:1)
31 creatures vanquished.

Notes
Turn   | Place    | Note
-------+----------+-------------------------------------------
     0 | D:1      | PentaManta the Merfolk Transmuter began the quest for the
                  | Orb.
     0 | D:1      | Reached XP level 1. HP: 15/15 MP: 3/3
   117 | D:1      | Found Xotreh's Armour Emporium.
   157 | D:1      | Reached XP level 2. HP: 12/21 MP: 3/5
  1049 | D:1      | Reached XP level 3. HP: 26/26 MP: 4/6
  1067 | D:1      | Learned a level 3 spell: Spider Form
  1152 | D:1      | Reached skill level 4 in Unarmed Combat
  1576 | D:1      | Killed from afar by an orc priest

Illustrated notes

Levels and vault maps discovered:
D:1:      minmay_arrival_stair_chambers, layout_basic, serial_shops,
          shop_statue, chequers_garden, grunt_decor_one_mirror,
          kennysheep_nondescript
D:2:      minmay_alternating_diamond, layout_basic,
          hellmonk_ecumenical_altar_leap_of_faith

Skill      XL: |  1  2  3 |
---------------+----------+-----
Transmutations | 3 |  3.9
Unarmed Combat | 4 |  4.0
Fighting       | |  1.1
Dodging        | |  2.6
Spellcasting   | |  2.0
Poison Magic   | |  0.9

Action                   || total
-------------------------++-------
Melee: Unarmed           ||   100
       Headbutt          ||     6
       Punch             ||     3
 Cast: Beastly Appendage ||    16
 Stab: Sleeping          ||     1
Armor: Robe              ||    17
Dodge: Dodged            ||    66

Table legend: (Time is in decaauts)
 A = Elapsed time spent in this place.
 B = Non-inter-level travel time spent in this place.
 C = Inter-level travel time spent in this place.
 D = Time resting spent in this place.
 E = Time spent auto-exploring this place.
 F = Levels seen in this place.
 G = Mean time per level.
                   A        B        C        D        E       F      G
               +--------+--------+--------+--------+--------+-----+--------+
         Total |   1570 |   1551 |     19 |    278 |   1025 |   2 |  785.0 |
       Dungeon |   1570 |   1551 |     19 |    278 |   1025 |   2 |  785.0 |
               +--------+--------+--------+--------+--------+-----+--------+

Top non-repeatable levels by time:
     D:1: 1510 daAuts
     D:2: 59 daAuts
